Workbook

Sheet OCTUBRE
A2: Formato - EJECUCION PRESUPUESTAL Y DE TESORERIA ACUMULADA Convenio No. SS-CDCVI-522-2023
A3: EMPRESA SOCIAL DEL ESTADO REGIÓN DE SALUD MEDINA
A4: INFORME ACUMULADO A 31 DE AGOSTO DEL 2023
A6: A | B6: B | C6: D | D6: E | E6: F | F6: G | G6: H | H6: I | I6: J | J6: K | K6: L | L6: M | M6: N | N6: O | O6: P | P6: Q | Q6: R | R6: S | S6: T
A7: Código ptal = Cláusulas del convenio. | B7: Concepto | C7: Apropiación Ptal | D7: No. CDP | E7: Valor CDP | F7: No. RPC | G7: Fecha RPC (dia/mes/año) | H7: Valor RPC | I7: GIRO (ptal) | J7: Valor Giro Neto | K7: No. Comprobante Egreso | L7: Fecha Comprobante Egreso | M7: Nit / CC | N7: Beneficiario | O7: Fecha Giro Neto = al extracto (dia/mes/año) | P7: Codigo ó No. Transferencia = al extracto ( Si lo hubiere ) | Q7: Saldo : Reflejar uno solo POR cada RUBRO (columna D - columnaJ) | R7: Valor de descuentos, Impuestos, retenciones, etc. ( Si lo hubiere )* | S7: Observaciones (si las ubiere Codificarlas 1, 2, 3, 4….. Y explicarlas en Notas y observaciones)
A8: 2.1.2.02.01.003 | B8: Otros bienes transportables (excepto productos metálicos, maquinaria y equipo) | E8: =SUM(E9:E11) -> 0 | H8: =SUM(H9:H11) -> 0 | I8: =SUM(I9:I11) -> 0 | J8: =SUM(J9:J11) -> 0 | Q8: =+C8-I8 -> 0 | R8: =SUM(R9:R11) -> 0
R9: =+I9-J9 -> 0
R10: =+I10-J10 -> 0
R11: =+I11-J11 -> 0
A12: 2.1.2.02.02.007 | B12: Servicios financieros y servicios conexos; servicios inmobiliarios; y servicios de arrendamiento y leasing | E12: =SUM(E13:E14) -> 0 | H12: =SUM(H13:H14) -> 0 | I12: =SUM(I13:I14) -> 0 | J12: =SUM(J13:J14) -> 0 | L12: =SUM(L13:L14) -> 0 | M12: =SUM(M13:M14) -> 0 | N12: =SUM(N13:N14) -> 0 | O12: =SUM(O13:O14) -> 0 | P12: =SUM(P13:P14) -> 0 | Q12: =+C12-I12 -> 0 | R12: =SUM(R13:R14) -> 0
A15: 2.1.2.02.02.008 | B15: Servicios prestados a las empresas y servicios de producción | E15: =SUM(E16:E32) -> 0 | H15: =SUM(H16:H32) -> 0 | I15: =SUM(I16:I32) -> 0 | J15: =SUM(J16:J32) -> 0 | L15: =SUM(L16:L32) -> 0 | N15: =SUM(N16:N32) -> 0 | O15: =SUM(O16:O32) -> 0 | P15: =SUM(P16:P32) -> 0 | Q15: =+E15-I15 -> 0 | R15: =SUM(R16:R32) -> 0
R16: =+I16-J16 -> 0
R17: =+I17-J17 -> 0
R18: =+I18-J18 -> 0
R19: =+I19-J19 -> 0
R20: =+I20-J20 -> 0
R21: =+I21-J21 -> 0
R22: =+I22-J22 -> 0
R23: =+I23-J23 -> 0
R24: =+I24-J24 -> 0
R25: =+I25-J25 -> 0
R26: =+I26-J26 -> 0
R28: =+I28-J28 -> 0
... R30: =+I30-J30 -> 0
R31: =+I31-J31 -> 0 | S31: 1
R32: =+I32-J32 -> 0
A33: 2.4.5.01.03 | B33: Otros bienes transportables (excepto productos metálicos, maquinaria y equipo) | E33: =SUM(E34:E39) -> 0 | H33: =SUM(H34:H39) -> 0 | I33: =SUM(I34:I39) -> 0 | J33: =SUM(J34:J39) -> 0 | L33: =SUM(L34:L35) -> 0 | N33: =SUM(N34:N35) -> 0 | O33: =SUM(O34:O35) -> 0 | P33: =SUM(P34:P35) -> 0 | Q33: =+C33-I33 -> 0 | R33: =SUM(R34:R39) -> 0 | S33: NA
R34: =+I34-J34 -> 0
R35: =+I35-J35 -> 0
R36: =+I36-J36 -> 0
A40: 2.4.5.01.04 | B40: Productos metálicos, maquinaria y equipo | E40: =SUM(E41:E42) -> 0 | H40: =SUM(H41:H42) -> 0 | I40: =SUM(I41:I42) -> 0 | J40: =SUM(J41:J42) -> 0 | L40: =SUM(L41:L42) -> 0 | N40: =SUM(N41:N42) -> 0 | O40: =SUM(O41:O42) -> 0 | P40: =SUM(P41:P42) -> 0 | Q40: =+C40-I40 -> 0 | R40: =SUM(R41:R42) -> 0
R41: =+I41-J41 -> 0
R42: =+I42-J42 -> 0
A43: 2.4.5.02.06 | B43: Comercio y distribución; alojamiento; servicios de suministro de comidas y bebidas; servicios de transporte; y servicios de distribución de electricidad, gas y agua | E43: =SUM(E44:E45) -> 0 | H43: =SUM(H44:H45) -> 0 | I43: =SUM(I44:I45) -> 0 | J43: =SUM(J44:J45) -> 0 | L43: =SUM(L44:L45) -> 0 | M43: =SUM(M44:M45) -> 0 | N43: =SUM(N44:N45) -> 0 | O43: =SUM(O44:O45) -> 0 | P43: =SUM(P44:P45) -> 0 | Q43: =+C43-I43 -> 0 | R43: =SUM(R44:R45) -> 0
R44: =+I44-J44 -> 0
R45: =+I45-J45 -> 0
A46: 2.4.5.02.07 | B46: Servicios financieros y servicios conexos; servicios inmobiliarios; y servicios de arrendamiento y leasing | E46: =SUM(E47:E48) -> 0 | H46: =SUM(H47:H48) -> 0 | I46: =SUM(I47:I48) -> 0 | J46: =SUM(J47:J48) -> 0 | L46: =SUM(L47:L48) -> 0 | M46: =SUM(M47:M48) -> 0 | N46: =SUM(N47:N48) -> 0 | O46: =SUM(O47:O48) -> 0 | P46: =SUM(P47:P48) -> 0 | Q46: =+C46-I46 -> 0 | R46: =SUM(R47:R48) -> 0
R48: =+I48-J48 -> 0
A49: 2.4.5.02.08 | B49: Servicios prestados a las empresas y servicios de producción | C49: 17136321 | E49: =SUM(E50:E57) -> 0 | H49: =SUM(H50:H57) -> 0 | I49: =SUM(I50:I57) -> 0 | J49: =SUM(J50:J57) -> 0 | L49: =SUM(L50:L57) -> 0 | M49: =SUM(M50:M57) -> 0 | N49: =SUM(N50:N57) -> 0 | O49: =SUM(O50:O57) -> 0 | P49: =SUM(P50:P57) -> 0 | Q49: =+C49-I49 -> 17136321 | R49: =SUM(R50:R57) -> 0
R50: =+I50-J50 -> 0
R51: =+I51-J51 -> 0
R52: =+I52-J52 -> 0
R53: =+I53-J53 -> 0 | S53: 2
R55: =+I55-J55 -> 0
R56: =+I56-J56 -> 0
R57: =+I57-J57 -> 0
A58: 2.4.5.02.09 | B58: Servicios para la comunidad, sociales y personales | C58: 325590098 | E58: =SUM(E59:E93) -> 126401000 | H58: =SUM(H59:H93) -> 126401000 | I58: =SUM(I59:I93) -> 85539000 | J58: =SUM(J59:J93) -> 84570442 | L58: =SUM(L59:L93) -> 1537933 | N58: =SUM(N59:N93) -> 0 | O58: =SUM(O59:O93) -> 1537933 | P58: =SUM(P59:P93) -> 0 | Q58: =+C58-I58 -> 240051098 | R58: =SUM(R59:R93) -> 968558
B59: JENNY PAOLA RODRIGUEZ GARCIA | D59: 585 | E59: 1800000 | F59: 593 | G59: 45194 | H59: 1800000 | I59: 1800000 | J59: 1787400 | K59: 21188 | L59: 45233 | M59: 1071142789 | N59: JENNY PAOLA RODRIGUEZ GARCIA | O59: 45233 | R59: =+I59-J59 -> 12600
B60: DEISY LILIANA LUNA SASTOQUE | D60: 587 | E60: 1800000 | F60: 595 | G60: 45194 | H60: 1800000 | I60: 1800000 | J60: 1787400 | K60: 21189 | L60: 45233 | M60: 20652731 | N60: DEISY LILIANA LUNA SASTOQUE | O60: 45233 | R60: =+I60-J60 -> 12600
B61: ERIKA LILIANA MACERA SASTOQUE | D61: 615 | E61: 2500000 | F61: 623 | G61: 45194 | H61: 2500000 | I61: 2500000 | J61: 2475000 | K61: 21190 | L61: 45233 | M61: 52964618 | N61: ERIKA LILIANA MACERA SASTOQUE | O61: 45233 | R61: =+I61-J61 -> 25000
B62: FANNY CRISTINA PEÑA | D62: 597 | E62: 1600000 | F62: 605 | G62: 45194 | H62: 1600000 | I62: 1600000 | J62: 1588800 | K62: 21191 | L62: 45233 | M62: 1069304284 | N62: FANNY CRISTINA PEÑA | O62: 45233 | R62: =+I62-J62 -> 11200
B63: CRISTIAN MAURICIO JIMENEZ | D63: 625 | E63: 1650000 | F63: 633 | G63: 45194 | H63: 1650000 | I63: 1650000 | J63: 1640100 | K63: 21192 | L63: 45233 | M63: 1193372730 | N63: CRISTIAN MAURICIO JIMENEZ | O63: 45233 | R63: =+I63-J63 -> 9900
B64: JENNY MILENA BOJACA | D64: 599 | E64: 3400000 | F64: 607 | G64: 45194 | H64: 3400000 | I64: 3400000 | J64: 3376200 | K64: 21193 | L64: 45233 | M64: 1069303488 | N64: JENNY MILENA BOJACA | O64: 45233 | R64: =+I64-J64 -> 23800
B65: NIDIA ANDREA ACOSTA | D65: 588 | E65: 1800000 | F65: 596 | G65: 45194 | H65: 1800000 | I65: 1800000 | J65: 1787400 | K65: 21194 | L65: 45233 | M65: 20645280 | N65: NIDIA ANDREA ACOSTA | O65: 45233 | R65: =+I65-J65 -> 12600
B66: MARIA VICTORIA BERNAL | D66: 594 | E66: 3250000 | F66: 602 | G66: 45194 | H66: 3250000 | I66: 3250000 | J66: 3227250 | K66: 21195 | L66: 45233 | M66: 1071143259 | N66: MARIA VICTORIA BERNAL | O66: 45233 | R66: =+I66-J66 -> 22750
B67: JULLI NATALIA RUBIANO | D67: 624 | E67: 3250000 | F67: 632 | G67: 45194 | H67: 3250000 | I67: 3250000 | J67: 3227250 | K67: 21196 | L67: 45233 | M67: 1069262826 | N67: JULLI NATALIA RUBIANO | O67: 45233 | R67: =+I67-J67 -> 22750
B68: SOLANYELA DEL PILAR ACOSTA | D68: 606 | E68: 2180000 | F68: 614 | G68: 45194 | H68: 2180000 | I68: 2180000 | J68: 2164740 | K68: 21197 | L68: 45233 | M68: 1072638671 | N68: SOLANYELA DEL PILAR ACOSTA | O68: 45233 | R68: =+I68-J68 -> 15260
B69: LAURA YINETH CASTIBLANCO VARGAS | D69: 600 | E69: 3250000 | F69: 608 | G69: 45194 | H69: 3250000 | I69: 3250000 | J69: 3227250 | K69: 21198 | L69: 45233 | M69: 1076654277 | N69: LAURA YINETH CASTIBLANCO VARGAS | O69: 45233 | R69: =+I69-J69 -> 22750
B70: SONIA ROCIO CAPADOR | D70: 604 | E70: 2500000 | F70: 612 | G70: 45194 | H70: 2500000 | I70: 2500000 | J70: 2482500 | K70: 21199 | L70: 45233 | M70: 1071144221 | N70: SONIA ROCIO CAPADOR | O70: 45233 | R70: =+I70-J70 -> 17500
... B80: ADRIANA ERSPERANZA GONZALEZ | D80: 607 | E80: 1730000 | F80: 615 | G80: 45194 | H80: 1730000 | I80: 1730000 | J80: 1717890 | K80: 21209 | L80: 45233 | M80: 1071142218 | N80: ADRIANA ERSPERANZA GONZALEZ | O80: 45233 | R80: =+I80-J80 -> 12110
B81: HECTOR GABRIEL RODRIGUEZ | D81: 590 | E81: 1800000 | F81: 598 | G81: 45194 | H81: 1800000 | I81: 1800000 | J81: 1787400 | K81: 21210 | L81: 45233 | M81: 1007788810 | N81: HECTOR GABRIEL RODRIGUEZ | O81: 45233 | R81: =+I81-J81 -> 12600 | S81: 3
B82: INGRY CONSTANZA RODRIGUEZ | D82: 568 | E82: 1800000 | F82: 597 | G82: 45194 | H82: 1800000 | I82: 1800000 | J82: 1787400 | K82: 21211 | L82: 45233 | M82: 1003578216 | N82: INGRY CONSTANZA RODRIGUEZ | O82: 45233 | R82: =+I82-J82 -> 12600
B83: JINET MARIAM AMAZO | D83: 605 | E83: 2180000 | F83: 613 | G83: 45194 | H83: 2180000 | I83: 2180000 | J83: 2164740 | K83: 21212 | L83: 45233 | M83: 1074417032 | N83: JINET MARIAM AMAZO | O83: 45233 | R83: =+I83-J83 -> 15260
B84: ADRIANA SOLANGIE MUÑOZ | D84: 649 | E84: 12000000 | F84: 658 | G84: 45202 | H84: 12000000 | I84: 4000000 | J84: 3972000 | K84: 21213 | L84: 45233 | M84: 1024542018 | N84: ADRIANA SOLANGIE MUÑOZ | O84: 45233 | R84: =+I84-J84 -> 28000
B85: CLAUDIA VIVIANA JAIMES | D85: 434 | E85: 3500000 | F85: 439 | G85: 45169 | H85: 3500000 | I85: 3250000 | J85: 3227250 | K85: 21214 | L85: 45233 | M85: 35423249 | N85: CLAUDIA VIVIANA JAIMES | O85: 45233 | R85: =+I85-J85 -> 22750
B86: CLAUDIA XIMENA RODRIGUEZ | D86: 601 | E86: 3250000 | F86: 609 | G86: 45194 | H86: 3250000 | I86: 3250000 | J86: 3227250 | K86: 21215 | L86: 45233 | M86: 1071169078 | N86: CLAUDIA XIMENA RODRIGUEZ | O86: 45233 | R86: =+I86-J86 -> 22750
B87: CARLOS ANDRES MORA | D87: 622 | E87: 1650000 | F87: 630 | G87: 45194 | H87: 1650000 | I87: 1650000 | J87: 1640100 | K87: 21216 | L87: 45233 | M87: 3059223 | N87: CARLOS ANDRES MORA | O87: 45233 | R87: =+I87-J87 -> 9900
B88: MARIA DEL SOCORRO RODRIGUEZ | D88: 639 | E88: 2050000 | F88: 652 | G88: 45201 | H88: 2050000 | I88: 2050000 | J88: 2035650 | K88: 21217 | L88: 45233 | M88: 20651321 | N88: MARIA DEL SOCORRO RODRIGUEZ | O88: 45233 | R88: =+I88-J88 -> 14350
B89: JHON ALEXANDER SUAREZ | D89: 638 | E89: 30000000 | F89: 651 | G89: 45201 | H89: 30000000 | I89: 8988000 | J89: 8567362 | K89: 21218 | L89: 45233 | M89: 80195206 | N89: JHON ALEXANDER SUAREZ | O89: 45233 | R89: =+I89-J89 -> 420638
B90: SARA LUCIA RENGIFO AGUDELO | D90: 700 | E90: 7400000 | F90: 709 | G90: 45222 | H90: 7400000 | I90: 1400000 | J90: 1390200 | K90: 21219 | L90: 45233 | M90: 65746736 | N90: SARA LUCIA RENGIFO AGUDELO | O90: 45233 | R90: =+I90-J90 -> 9800
B91: PAOLA TATIANA MACIAS | D91: 436 | E91: 1800000 | F91: 441 | G91: 45170 | H91: 1800000 | I91: 1800000 | J91: 1787400 | K91: 21220 | L91: 45233 | M91: 28870212 | N91: PAOLA TATIANA MACIAS | O91: 45233 | R91: =+I91-J91 -> 12600
B92: KARIN MERCEDES RODRIGUEZ | D92: 752 | E92: 5950000 | F92: 762 | G92: 45226 | H92: 5950000 | I92: 350000 | J92: 347550 | K92: 21271 | L92: 45244 | M92: 1026598593 | N92: KARIN MERCEDES RODRIGUEZ | O92: 45244 | R92: =+I92-J92 -> 2450
R93: =+I93-J93 -> 0
A94: TOTAL | C94: =+C8+C12+C15+C33+C40+C43+C46+C49+C58 -> 342726419 | E94: =+E8+E12+E15+E33+E40+E43+E46+E49+E58 -> 126401000 | H94: =+H8+H12+H15+H33+H40+H43+H46+H49+H58 -> 126401000 | I94: =+I8+I12+I15+I33+I40+I43+I46+I49+I58 -> 85539000 | J94: =+J8+J12+J15+J33+J40+J43+J46+J49+J58 -> 84570442 | Q94: =+Q8+Q12+Q15+Q33+Q40+Q43+Q46+Q49+Q58 -> 257187419 | R94: =+R8+R12+R15+R33+R40+R43+R46+R49+R58 -> 968558
H96: =H94/C94*100 -> 36.88102 | I96: =I94/C94*100 -> 24.958391 | J96: %
H97: Total RPC / Total Apropiación | I97: Total Giros / Total Apropiación

Sheet NOVIEMBRE1 
A2: Formato - EJECUCION PRESUPUESTAL Y DE TESORERIA ACUMULADA Convenio No. SS-CDCVI-522-2023
A3: EMPRESA SOCIAL DEL ESTADO REGIÓN DE SALUD MEDINA
A4: INFORME ACUMULADO A 31 DE AGOSTO DEL 2023
A6: A | B6: B | C6: D | D6: E | E6: F | F6: G | G6: H | H6: I | I6: J | J6: K | K6: L | L6: M | M6: N | N6: O | O6: P | P6: Q | Q6: R | R6: S | S6: T
A7: Código ptal = Cláusulas del convenio. | B7: Concepto | C7: Apropiación Ptal | D7: No. CDP | E7: Valor CDP | F7: No. RPC | G7: Fecha RPC (dia/mes/año) | H7: Valor RPC | I7: GIRO (ptal) | J7: Valor Giro Neto | K7: No. Comprobante Egreso | L7: Fecha Comprobante Egreso | M7: Nit / CC | N7: Beneficiario | O7: Fecha Giro Neto = al extracto (dia/mes/año) | P7: Codigo ó No. Transferencia = al extracto ( Si lo hubiere ) | Q7: Saldo : Reflejar uno solo POR cada RUBRO (columna D - columnaJ) | R7: Valor de descuentos, Impuestos, retenciones, etc. ( Si lo hubiere )* | S7: Observaciones (si las ubiere Codificarlas 1, 2, 3, 4….. Y explicarlas en Notas y observaciones)
A8: 2.1.2.02.01.003 | B8: Otros bienes transportables (excepto productos metálicos, maquinaria y equipo) | E8: =SUM(E9:E11) -> 0 | H8: =SUM(H9:H11) -> 0 | I8: =SUM(I9:I11) -> 0 | J8: =SUM(J9:J11) -> 0 | Q8: =+C8-I8 -> 0 | R8: =SUM(R9:R11) -> 0
R9: =+I9-J9 -> 0
R10: =+I10-J10 -> 0
R11: =+I11-J11 -> 0
A12: 2.1.2.02.02.007 | B12: Servicios financieros y servicios conexos; servicios inmobiliarios; y servicios de arrendamiento y leasing | E12: =SUM(E13:E14) -> 0 | H12: =SUM(H13:H14) -> 0 | I12: =SUM(I13:I14) -> 0 | J12: =SUM(J13:J14) -> 0 | L12: =SUM(L13:L14) -> 0 | M12: =SUM(M13:M14) -> 0 | N12: =SUM(N13:N14) -> 0 | O12: =SUM(O13:O14) -> 0 | P12: =SUM(P13:P14) -> 0 | Q12: =+C12-I12 -> 0 | R12: =SUM(R13:R14) -> 0
A15: 2.1.2.02.02.008 | B15: Servicios prestados a las empresas y servicios de producción | E15: =SUM(E16:E32) -> 0 | H15: =SUM(H16:H32) -> 0 | I15: =SUM(I16:I32) -> 0 | J15: =SUM(J16:J32) -> 0 | L15: =SUM(L16:L32) -> 0 | N15: =SUM(N16:N32) -> 0 | O15: =SUM(O16:O32) -> 0 | P15: =SUM(P16:P32) -> 0 | Q15: =+E15-I15 -> 0 | R15: =SUM(R16:R32) -> 0
R16: =+I16-J16 -> 0
R17: =+I17-J17 -> 0
R18: =+I18-J18 -> 0
R19: =+I19-J19 -> 0
R20: =+I20-J20 -> 0
R21: =+I21-J21 -> 0
R22: =+I22-J22 -> 0
R23: =+I23-J23 -> 0
R24: =+I24-J24 -> 0
R25: =+I25-J25 -> 0
R26: =+I26-J26 -> 0
R28: =+I28-J28 -> 0
... R30: =+I30-J30 -> 0
R31: =+I31-J31 -> 0 | S31: 1
R32: =+I32-J32 -> 0
A33: 2.4.5.01.03 | B33: Otros bienes transportables (excepto productos metálicos, maquinaria y equipo) | E33: =SUM(E34:E39) -> 0 | H33: =SUM(H34:H39) -> 0 | I33: =SUM(I34:I39) -> 0 | J33: =SUM(J34:J39) -> 0 | L33: =SUM(L34:L35) -> 0 | N33: =SUM(N34:N35) -> 0 | O33: =SUM(O34:O35) -> 0 | P33: =SUM(P34:P35) -> 0 | Q33: =+C33-I33 -> 0 | R33: =SUM(R34:R39) -> 0 | S33: NA
R34: =+I34-J34 -> 0
R35: =+I35-J35 -> 0
R36: =+I36-J36 -> 0
A40: 2.4.5.01.04 | B40: Productos metálicos, maquinaria y equipo | E40: =SUM(E41:E42) -> 0 | H40: =SUM(H41:H42) -> 0 | I40: =SUM(I41:I42) -> 0 | J40: =SUM(J41:J42) -> 0 | L40: =SUM(L41:L42) -> 0 | N40: =SUM(N41:N42) -> 0 | O40: =SUM(O41:O42) -> 0 | P40: =SUM(P41:P42) -> 0 | Q40: =+C40-I40 -> 0 | R40: =SUM(R41:R42) -> 0
R41: =+I41-J41 -> 0
R42: =+I42-J42 -> 0
A43: 2.4.5.02.06 | B43: Comercio y distribución; alojamiento; servicios de suministro de comidas y bebidas; servicios de transporte; y servicios de distribución de electricidad, gas y agua | E43: =SUM(E44:E45) -> 0 | H43: =SUM(H44:H45) -> 0 | I43: =SUM(I44:I45) -> 0 | J43: =SUM(J44:J45) -> 0 | L43: =SUM(L44:L45) -> 0 | M43: =SUM(M44:M45) -> 0 | N43: =SUM(N44:N45) -> 0 | O43: =SUM(O44:O45) -> 0 | P43: =SUM(P44:P45) -> 0 | Q43: =+C43-I43 -> 0 | R43: =SUM(R44:R45) -> 0
R44: =+I44-J44 -> 0
R45: =+I45-J45 -> 0
A46: 2.4.5.02.07 | B46: Servicios financieros y servicios conexos; servicios inmobiliarios; y servicios de arrendamiento y leasing | E46: =SUM(E47:E48) -> 0 | H46: =SUM(H47:H48) -> 0 | I46: =SUM(I47:I48) -> 0 | J46: =SUM(J47:J48) -> 0 | L46: =SUM(L47:L48) -> 0 | M46: =SUM(M47:M48) -> 0 | N46: =SUM(N47:N48) -> 0 | O46: =SUM(O47:O48) -> 0 | P46: =SUM(P47:P48) -> 0 | Q46: =+C46-I46 -> 0 | R46: =SUM(R47:R48) -> 0
R48: =+I48-J48 -> 0
A49: 2.4.5.02.08 | B49: Servicios prestados a las empresas y servicios de producción | C49: 17136321 | E49: =SUM(E50:E57) -> 0 | H49: =SUM(H50:H57) -> 0 | I49: =SUM(I50:I57) -> 0 | J49: =SUM(J50:J57) -> 0 | L49: =SUM(L50:L57) -> 0 | M49: =SUM(M50:M57) -> 0 | N49: =SUM(N50:N57) -> 0 | O49: =SUM(O50:O57) -> 0 | P49: =SUM(P50:P57) -> 0 | Q49: =+C49-I49 -> 17136321 | R49: =SUM(R50:R57) -> 0
R50: =+I50-J50 -> 0
R51: =+I51-J51 -> 0
R52: =+I52-J52 -> 0
R53: =+I53-J53 -> 0 | S53: 2
R55: =+I55-J55 -> 0
R56: =+I56-J56 -> 0
R57: =+I57-J57 -> 0
A58: 2.4.5.02.09 | B58: Servicios para la comunidad, sociales y personales | C58: 325590098 | E58: =SUM(E59:E91) -> 120951000 | H58: =SUM(H59:H91) -> 120951000 | I58: =SUM(I59:I91) -> 86743000 | J58: =SUM(J59:J91) -> 85351862 | L58: =SUM(L59:L91) -> 1448320 | N58: =SUM(N59:N91) -> 0 | O58: =SUM(O59:O91) -> 1448320 | P58: =SUM(P59:P91) -> 0 | Q58: =+C58-I58 -> 238847098 | R58: =SUM(R59:R91) -> 1391138
B59: NELSON ALEJANDRO LOPEZ | D59: 709 | E59: 1650000 | F59: 718 | G59: 45217 | H59: 1650000 | I59: 1650000 | J59: 1640100 | K59: 21333 | L59: 45260 | M59: 3056815 | N59: NELSON ALEJANDRO LOPEZ | O59: 45260 | R59: =+I59-J59 -> 9900
B60: JENNY PAOLA RODRIGUEZ | D60: 702 | E60: 1800000 | F60: 711 | G60: 45217 | H60: 1800000 | I60: 1800000 | J60: 1787400 | K60: 21334 | L60: 45260 | M60: 1071142789 | N60: JENNY PAOLA RODRIGUEZ | O60: 45260 | R60: =+I60-J60 -> 12600
B61: INGRY CONSTANZA RODRIGUEZ | D61: 706 | E61: 1800000 | F61: 715 | G61: 45217 | H61: 1800000 | I61: 1800000 | J61: 1787400 | K61: 21335 | L61: 45260 | M61: 1003578216 | N61: INGRY CONSTANZA RODRIGUEZ | O61: 45260 | R61: =+I61-J61 -> 12600
B62: CRISTIAN MAURICIO JIMENEZ | D62: 739 | E62: 1650000 | F62: 748 | G62: 45217 | H62: 1650000 | I62: 1650000 | J62: 1640100 | K62: 21336 | L62: 45260 | M62: 1193372730 | N62: CRISTIAN MAURICIO JIMENEZ | O62: 45260 | R62: =+I62-J62 -> 9900
B63: MARIA DEL SOCORRO RODRIGUEZ | D63: 639 | E63: 2050000 | F63: 652 | G63: 45201 | H63: 2050000 | I63: 2050000 | J63: 2035650 | K63: 21337 | L63: 45260 | M63: 20651321 | N63: MARIA DEL SOCORRO RODRIGUEZ | O63: 45260 | R63: =+I63-J63 -> 14350
B64: SARA LUCY DIAZ RODRIGUEZ | D64: 703 | E64: 1800000 | F64: 712 | G64: 45217 | H64: 1800000 | I64: 1800000 | J64: 1787400 | K64: 21338 | L64: 45260 | M64: 20652402 | N64: SARA LUCY DIAZ RODRIGUEZ | O64: 45260 | R64: =+I64-J64 -> 12600
B65: CLARA LILIANA RAMOS | D65: 712 | E65: 1710000 | F65: 721 | G65: 45217 | H65: 1710000 | I65: 1710000 | J65: 1698030 | K65: 21339 | L65: 45260 | M65: 20652402 | N65: CLARA LILIANA RAMOS | O65: 45260 | R65: =+I65-J65 -> 11970
B66: FANNY CRISTINA PEÑA DIAZ | D66: 713 | E66: 1600000 | F66: 722 | G66: 45217 | H66: 1600000 | I66: 1600000 | J66: 1588800 | K66: 21340 | L66: 45260 | M66: 1069304284 | N66: FANNY CRISTINA PEÑA DIAZ | O66: 45260 | R66: =+I66-J66 -> 11200
B67: MARIA VICTORIA BERNAL | D67: 710 | E67: 3250000 | F67: 719 | G67: 45217 | H67: 3250000 | I67: 3250000 | J67: 3227250 | K67: 21341 | L67: 45260 | M67: 1071143259 | N67: MARIA VICTORIA BERNAL | O67: 45260 | R67: =+I67-J67 -> 22750
B68: ADRIANA ESPERANZA GONZALEZ | D68: 723 | E68: 1730000 | F68: 732 | G68: 45217 | H68: 1730000 | I68: 1730000 | J68: 1717890 | K68: 21342 | L68: 45260 | M68: 1071142218 | N68: ADRIANA ESPERANZA GONZALEZ | O68: 45260 | R68: =+I68-J68 -> 12110
B69: CLAUDIA XIMENA RODRIGUEZ | D69: 717 | E69: 3250000 | F69: 726 | G69: 45217 | H69: 3250000 | I69: 3250000 | J69: 3227250 | K69: 21343 | L69: 45260 | M69: 1071169078 | N69: CLAUDIA XIMEDA RODRIGUEZ | O69: 45260 | R69: =+I69-J69 -> 22750
B70: NORYS LUCIA CARRION | D70: 724 | E70: 1730000 | F70: 733 | G70: 45217 | H70: 1730000 | I70: 1730000 | J70: 1717890 | K70: 21344 | L70: 45260 | M70: 20645432 | N70: NORYS LUCIA CARRION | O70: 45260 | R70: =+I70-J70 -> 12110
... B80: JENNIFER ZULAY AREVALO | D80: 711 | E80: 3250000 | F80: 720 | G80: 45217 | H80: 3250000 | I80: 3250000 | J80: 3227250 | K80: 21354 | L80: 45260 | M80: 1020801898 | N80: JENNIFER ZULAY AREVALO | O80: 45260 | R80: =+I80-J80 -> 22750
B81: NIDIA ANDREA ACOSTA | D81: 705 | E81: 1800000 | F81: 714 | G81: 45217 | H81: 1800000 | I81: 1800000 | J81: 1787400 | K81: 21355 | L81: 45260 | M81: 20645280 | N81: NIDIA ANDREA ACOSTA | O81: 45260 | R81: =+I81-J81 -> 12600 | S81: 3
B82: CARLOS ANDRES MORA | D82: 736 | E82: 1650000 | F82: 745 | G82: 45217 | H82: 1650000 | I82: 1650000 | J82: 1640100 | K82: 21356 | L82: 45260 | M82: 3059223 | N82: CARLOS ANDRES MORA | O82: 45260 | R82: =+I82-J82 -> 9900
B83: HECTOR GABRIEL RODIRGUEZ | D83: 707 | E83: 1800000 | F83: 716 | G83: 45217 | H83: 1800000 | I83: 1800000 | J83: 1787400 | K83: 21357 | L83: 45260 | M83: 1007788810 | N83: HECTOR GABRIEL RODIRGUEZ | O83: 45260 | R83: =+I83-J83 -> 12600
B84: SARA LUCIA RENGIFO AGUDELO | D84: 700 | E84: 7400000 | F84: 709 | G84: 45222 | H84: 7400000 | I84: 3000000 | J84: 2979000 | K84: 21358 | L84: 45260 | M84: 65746736 | N84: SARA LUCIA RENGIFO AGUDELO | O84: 45260 | R84: =+I84-J84 -> 21000
B85: JENNY MILENA BOJACA | D85: 715 | E85: 3400000 | F85: 724 | G85: 45217 | H85: 3400000 | I85: 3400000 | J85: 3376200 | K85: 21359 | L85: 45260 | M85: 1069303488 | N85: JENNY MILENA BOJACA | O85: 45260 | R85: =+I85-J85 -> 23800
B86: JINETH MARIAM AMAZO | D86: 721 | E86: 2180000 | F86: 730 | G86: 45217 | H86: 2180000 | I86: 2180000 | J86: 2164740 | K86: 21360 | L86: 45260 | M86: 1074417032 | N86: JINETH MARIAM AMAZO | O86: 45260 | R86: =+I86-J86 -> 15260
B87: KARIN MERCEDES RODRIGUEZ | D87: 752 | E87: 5950000 | F87: 762 | G87: 45226 | H87: 5950000 | I87: 2800000 | J87: 2780400 | K87: 21361 | L87: 45260 | M87: 1026598593 | N87: KARIN MERCEDES RODRIGUEZ | O87: 45260 | R87: =+I87-J87 -> 19600
B88: LAURA YINNETH CASTIBLANCO | D88: 716 | E88: 3250000 | F88: 725 | G88: 45217 | H88: 3250000 | I88: 3250000 | J88: 3227250 | K88: 21362 | L88: 45260 | M88: 1076654277 | N88: LAURA YINNETH CASTIBLANCO | O88: 45260 | R88: =+I88-J88 -> 22750
B89: JAIRO HUMBERTO PRIETO | D89: 740 | E89: 1650000 | F89: 749 | G89: 45217 | H89: 1650000 | I89: 1650000 | J89: 1640100 | K89: 21363 | L89: 45260 | M89: 3058320 | N89: JAIRO HUMBERTO PRIETO | O89: 45260 | R89: =+I89-J89 -> 9900
B90: PAOLA JOHANA HERNANDEZ | D90: 750 | E90: 3250000 | F90: 760 | G90: 45217 | H90: 3250000 | I90: 3250000 | J90: 3227250 | K90: 21364 | L90: 45260 | M90: 1069306113 | N90: PAOLA JOHANA HERNANDEZ | O90: 45260 | R90: =+I90-J90 -> 22750
R91: =+I91-J91 -> 0
A92: TOTAL | C92: =+C8+C12+C15+C33+C40+C43+C46+C49+C58 -> 342726419 | E92: =+E8+E12+E15+E33+E40+E43+E46+E49+E58 -> 120951000 | H92: =+H8+H12+H15+H33+H40+H43+H46+H49+H58 -> 120951000 | I92: =+I8+I12+I15+I33+I40+I43+I46+I49+I58 -> 86743000 | J92: =+J8+J12+J15+J33+J40+J43+J46+J49+J58 -> 85351862 | Q92: =+Q8+Q12+Q15+Q33+Q40+Q43+Q46+Q49+Q58 -> 255983419 | R92: =+R8+R12+R15+R33+R40+R43+R46+R49+R58 -> 1391138
H94: =H92/C92*100 -> 35.290831 | I94: =I92/C92*100 -> 25.309692 | J94: %
H95: Total RPC / Total Apropiación | I95: Total Giros / Total Apropiación

Sheet DICIEMBRE
A2: Formato - EJECUCION PRESUPUESTAL Y DE TESORERIA ACUMULADA Convenio No. SS-CDCVI-522-2023
A3: EMPRESA SOCIAL DEL ESTADO REGIÓN DE SALUD MEDINA
A4: INFORME ACUMULADO A 31 DE AGOSTO DEL 2023
A6: A | B6: B | C6: D | D6: E | E6: F | F6: G | G6: H | H6: I | I6: J | J6: K | K6: L | L6: M | M6: N | N6: O | O6: P | P6: Q | Q6: R | R6: S | S6: T
A7: Código ptal = Cláusulas del convenio. | B7: Concepto | C7: Apropiación Ptal | D7: No. CDP | E7: Valor CDP | F7: No. RPC | G7: Fecha RPC (dia/mes/año) | H7: Valor RPC | I7: GIRO (ptal) | J7: Valor Giro Neto | K7: No. Comprobante Egreso | L7: Fecha Comprobante Egreso | M7: Nit / CC | N7: Beneficiario | O7: Fecha Giro Neto = al extracto (dia/mes/año) | P7: Codigo ó No. Transferencia = al extracto ( Si lo hubiere ) | Q7: Saldo : Reflejar uno solo POR cada RUBRO (columna D - columnaJ) | R7: Valor de descuentos, Impuestos, retenciones, etc. ( Si lo hubiere )* | S7: Observaciones (si las ubiere Codificarlas 1, 2, 3, 4….. Y explicarlas en Notas y observaciones)
A8: 2.1.2.02.01.003 | B8: Otros bienes transportables (excepto productos metálicos, maquinaria y equipo) | E8: =SUM(E9:E11) -> 0 | H8: =SUM(H9:H11) -> 0 | I8: =SUM(I9:I11) -> 0 | J8: =SUM(J9:J11) -> 0 | Q8: =+C8-I8 -> 0 | R8: =SUM(R9:R11) -> 0
R9: =+I9-J9 -> 0
R10: =+I10-J10 -> 0
R11: =+I11-J11 -> 0
A12: 2.1.2.02.02.007 | B12: Servicios financieros y servicios conexos; servicios inmobiliarios; y servicios de arrendamiento y leasing | E12: =SUM(E13:E14) -> 0 | H12: =SUM(H13:H14) -> 0 | I12: =SUM(I13:I14) -> 0 | J12: =SUM(J13:J14) -> 0 | L12: =SUM(L13:L14) -> 0 | M12: =SUM(M13:M14) -> 0 | N12: =SUM(N13:N14) -> 0 | O12: =SUM(O13:O14) -> 0 | P12: =SUM(P13:P14) -> 0 | Q12: =+C12-I12 -> 0 | R12: =SUM(R13:R14) -> 0
A15: 2.1.2.02.02.008 | B15: Servicios prestados a las empresas y servicios de producción | E15: =SUM(E16:E32) -> 0 | H15: =SUM(H16:H32) -> 0 | I15: =SUM(I16:I32) -> 0 | J15: =SUM(J16:J32) -> 0 | L15: =SUM(L16:L32) -> 0 | N15: =SUM(N16:N32) -> 0 | O15: =SUM(O16:O32) -> 0 | P15: =SUM(P16:P32) -> 0 | Q15: =+E15-I15 -> 0 | R15: =SUM(R16:R32) -> 0
R16: =+I16-J16 -> 0
R17: =+I17-J17 -> 0
R18: =+I18-J18 -> 0
R19: =+I19-J19 -> 0
R20: =+I20-J20 -> 0
R21: =+I21-J21 -> 0
R22: =+I22-J22 -> 0
R23: =+I23-J23 -> 0
R24: =+I24-J24 -> 0
R25: =+I25-J25 -> 0
R26: =+I26-J26 -> 0
R28: =+I28-J28 -> 0
... R30: =+I30-J30 -> 0
R31: =+I31-J31 -> 0 | S31: 1
R32: =+I32-J32 -> 0
A33: 2.4.5.01.03 | B33: Otros bienes transportables (excepto productos metálicos, maquinaria y equipo) | C33: 17690051 | E33: =SUM(E34:E39) -> 17000000 | H33: =SUM(H34:H39) -> 17000000 | I33: =SUM(I34:I39) -> 16945037 | J33: =SUM(J34:J39) -> 15807800 | L33: =SUM(L34:L35) -> 45287 | N33: =SUM(N34:N35) -> 0 | O33: =SUM(O34:O35) -> 0 | P33: =SUM(P34:P35) -> 0 | Q33: =+C33-I33 -> 745014 | R33: =SUM(R34:R39) -> 1137237 | S33: NA
B34: ISEL | D34: 944 | E34: 17000000 | F34: 958 | G34: 45282 | H34: 17000000 | I34: 16945037 | J34: 15807800 | K34: 21690 | L34: 45287 | M34: 830086539 | N34: ISEL | R34: =+I34-J34 -> 1137237
R35: =+I35-J35 -> 0
R36: =+I36-J36 -> 0
A40: 2.4.5.01.04 | B40: Productos metálicos, maquinaria y equipo | E40: =SUM(E41:E42) -> 0 | H40: =SUM(H41:H42) -> 0 | I40: =SUM(I41:I42) -> 0 | J40: =SUM(J41:J42) -> 0 | L40: =SUM(L41:L42) -> 0 | N40: =SUM(N41:N42) -> 0 | O40: =SUM(O41:O42) -> 0 | P40: =SUM(P41:P42) -> 0 | Q40: =+C40-I40 -> 0 | R40: =SUM(R41:R42) -> 0
R41: =+I41-J41 -> 0
R42: =+I42-J42 -> 0
A43: 2.4.5.02.06 | B43: Comercio y distribución; alojamiento; servicios de suministro de comidas y bebidas; servicios de transporte; y servicios de distribución de electricidad, gas y agua | E43: =SUM(E44:E45) -> 0 | H43: =SUM(H44:H45) -> 0 | I43: =SUM(I44:I45) -> 0 | J43: =SUM(J44:J45) -> 0 | L43: =SUM(L44:L45) -> 0 | M43: =SUM(M44:M45) -> 0 | N43: =SUM(N44:N45) -> 0 | O43: =SUM(O44:O45) -> 0 | P43: =SUM(P44:P45) -> 0 | Q43: =+C43-I43 -> 0 | R43: =SUM(R44:R45) -> 0
R45: =+I45-J45 -> 0
A46: 2.4.5.02.07 | B46: Servicios financieros y servicios conexos; servicios inmobiliarios; y servicios de arrendamiento y leasing | E46: =SUM(E47:E48) -> 0 | H46: =SUM(H47:H48) -> 0 | I46: =SUM(I47:I48) -> 0 | J46: =SUM(J47:J48) -> 0 | L46: =SUM(L47:L48) -> 0 | M46: =SUM(M47:M48) -> 0 | N46: =SUM(N47:N48) -> 0 | O46: =SUM(O47:O48) -> 0 | P46: =SUM(P47:P48) -> 0 | Q46: =+C46-I46 -> 0 | R46: =SUM(R47:R48) -> 0
R48: =+I48-J48 -> 0
A49: 2.4.5.02.08 | B49: Servicios prestados a las empresas y servicios de producción | C49: 17136321 | E49: =SUM(E50:E57) -> 30671000 | H49: 17136321 | I49: =SUM(I50:I57) -> 16680900 | J49: =SUM(J50:J57) -> 15379260 | L49: =SUM(L50:L57) -> 90574 | M49: =SUM(M50:M57) -> 132870396 | N49: =SUM(N50:N57) -> 0 | O49: =SUM(O50:O57) -> 90574 | P49: =SUM(P50:P57) -> 0 | Q49: =+C49-I49 -> 455421 | R49: =SUM(R50:R57) -> 1301640
B50: FABIAN ESTEBAN ERASO | D50: 883 | E50: 27500000 | F50: 896 | G50: 45245 | H50: 27500000 | I50: 13509900 | J50: 12239970 | K50: 21662 | L50: 45287 | M50: 80076147 | N50: FABIAN ESTEBAN ERASO | O50: 45287 | R50: =+I50-J50 -> 1269930
B51: SANDRA LILIANA TOVAR | D51: 908 | E51: 3171000 | F51: 921 | G51: 45261 | H51: 3171000 | I51: 3171000 | J51: 3139290 | K51: 21669 | L51: 45287 | M51: 52794249 | N51: SANDRA LILIANA TOVAR | O51: 45287 | R51: =+I51-J51 -> 31710
R52: =+I52-J52 -> 0
R53: =+I53-J53 -> 0 | S53: 2
R55: =+I55-J55 -> 0
R56: =+I56-J56 -> 0
R57: =+I57-J57 -> 0
A58: 2.4.5.02.09 | B58: Servicios para la comunidad, sociales y personales | C58: 321590098 | E58: =SUM(E59:E117) -> 206811000 | H58: 325590098 | I58: =SUM(I59:I117) -> 153006000 | J58: =SUM(J59:J117) -> 151762022 | L58: =SUM(L59:L117) -> 2581359 | N58: =SUM(N59:N117) -> 0 | O58: =SUM(O59:O117) -> 2581359 | P58: =SUM(P59:P117) -> 0 | Q58: =+C58-I58 -> 168584098 | R58: =SUM(R59:R117) -> 1243978
B59: MARIA VICTORIA BERNAL | D59: 941 | E59: 3250000 | F59: 854 | G59: 45245 | H59: 3250000 | I59: 3250000 | J59: 3227250 | K59: 21616 | L59: 45287 | M59: 1071143259 | N59: MARIA VICTORIA BERNAL | O59: 45287 | R59: =+I59-J59 -> 22750
B60: MARIA FERNANDA CABRERA | D60: 858 | E60: 3171000 | F60: 871 | G60: 45245 | H60: 3171000 | I60: 3171000 | J60: 3139290 | K60: 21617 | L60: 45287 | M60: 1069265887 | N60: MARIA FERNANDA CABRERA | O60: 45287 | R60: =+I60-J60 -> 31710
B61: MARIA DEL SOCORRO RODRIGUEZ | D61: 890 | E61: 2050000 | F61: 903 | G61: 45245 | H61: 2050000 | I61: 2050000 | J61: 2035650 | K61: 21619 | L61: 45287 | M61: 20651321 | N61: MARIA DEL SOCORRO RODRIGUEZ | O61: 45287 | R61: =+I61-J61 -> 14350
B62: YON ALEXANDER GUANA | D62: 879 | E62: 2050000 | F62: 892 | G62: 45245 | H62: 2050000 | I62: 2050000 | J62: 2035650 | K62: 21620 | L62: 45287 | M62: 80463181 | N62: YON ALEXANDER GUANA | O62: 45287 | R62: =+I62-J62 -> 14350
B63: SONIA YANET ALDANA | D63: 872 | E63: 3250000 | F63: 885 | G63: 45245 | H63: 3250000 | I63: 3250000 | J63: 3227250 | K63: 21621 | L63: 45287 | M63: 52266188 | N63: SONIA YANET ALDANA | O63: 45287 | R63: =+I63-J63 -> 22750
B64: NELSON ALEJANDRO LOPEZ | D64: 840 | E64: 1650000 | F64: 853 | G64: 45245 | H64: 1650000 | I64: 1650000 | J64: 1640100 | K64: 21622 | L64: 45287 | M64: 3056815 | N64: NELSON ALEJANDRO LOPEZ | O64: 45287 | R64: =+I64-J64 -> 9900
B65: JENNY MILENA BOJACA | D65: 846 | E65: 3400000 | F65: 859 | G65: 45245 | H65: 3400000 | I65: 3400000 | J65: 3376200 | K65: 21623 | L65: 45287 | M65: 1069303488 | N65: JENNY MILENA BOJACA | O65: 45287 | R65: =+I65-J65 -> 23800
B66: SARA LUCY DIAZ | D66: 834 | E66: 1800000 | F66: 847 | G66: 45245 | H66: 1800000 | I66: 1800000 | J66: 1787400 | K66: 21624 | L66: 45287 | M66: 20652402 | N66: SARA LUCY DIAZ | O66: 45287 | R66: =+I66-J66 -> 12600
B67: SONIA ROCIO CAPADOR | D67: 859 | E67: 2500000 | F67: 864 | G67: 45245 | H67: 2500000 | I67: 2500000 | J67: 2482500 | K67: 21625 | L67: 45287 | M67: 1071144221 | N67: SONIA ROCIO CAPADOR | O67: 45287 | R67: =+I67-J67 -> 17500
B68: JENNIFER ZULAY AREVALO | D68: 842 | E68: 3250000 | F68: 855 | G68: 45245 | H68: 3250000 | I68: 3250000 | J68: 3227250 | K68: 21626 | L68: 45287 | M68: 1020801898 | N68: JENNIFER ZULAY AREVALO | O68: 45287 | R68: =+I68-J68 -> 22750
B69: ARCELIA MILENA MUNAR | D69: 849 | E69: 3250000 | F69: 862 | G69: 45245 | H69: 3250000 | I69: 3250000 | J69: 3227250 | K69: 21627 | L69: 45287 | M69: 1069304053 | N69: ARCELIA MILENA MUNAR | O69: 45287 | R69: =+I69-J69 -> 22750
B70: BLNACA YOLANDA GARZON | D70: 850 | E70: 2500000 | F70: 863 | G70: 45245 | H70: 2500000 | I70: 2500000 | J70: 2482500 | K70: 21628 | L70: 45287 | M70: 20645202 | N70: BLNACA YOLANDA GARZON | O70: 45287 | R70: =+I70-J70 -> 17500
... B115: ANDREA ESPERANZA RINCON | D115: 911 | E115: 1800000 | F115: 924 | G115: 45261 | H115: 1800000 | I115: 1800000 | J115: 1787400 | K115: 21673 | L115: 45287 | M115: 1069305068 | N115: ANDREA ESPERANZA RINCON | O115: 45287 | R115: =+I115-J115 -> 12600
R116: =+I116-J116 -> 0
R117: =+I117-J117 -> 0
A118: TOTAL | C118: =+C8+C12+C15+C33+C40+C43+C46+C49+C58 -> 356416470 | E118: =+E8+E12+E15+E33+E40+E43+E46+E49+E58 -> 254482000 | H118: =+H8+H12+H15+H33+H40+H43+H46+H49+H58 -> 359726419 | I118: =+I8+I12+I15+I33+I40+I43+I46+I49+I58 -> 186631937 | J118: =+J8+J12+J15+J33+J40+J43+J46+J49+J58 -> 182949082 | Q118: =+Q8+Q12+Q15+Q33+Q40+Q43+Q46+Q49+Q58 -> 169784533 | R118: =+R8+R12+R15+R33+R40+R43+R46+R49+R58 -> 3682855
H120: =H118/C118*100 -> 100.92867 | I120: =I118/C118*100 -> 52.363444 | J120: %
H121: Total RPC / Total Apropiación | I121: Total Giros / Total Apropiación

Sheet resumen
B3: Cuadro resumen Ejecución final convenio (Q debe ir en el oficio remisorio)
A5: Concepto (Igual al Convenio) | D5: Apropiacion Total | E5: Total Pagos | F5: Saldo | G5: %
A6: ITEM | B6: No. Rubro | C6: Nombre del rubro
A7: 1 | B7: =+DICIEMBRE!A33 -> 2.4.5.01.03 | C7: =+DICIEMBRE!B33 -> Otros bienes transportables (excepto productos metálicos, maquinaria y equipo) | D7: =+DICIEMBRE!C33 -> 17690051 | E7: =+DICIEMBRE!I34 -> 16945037 | F7: =D7-E7 -> 745014 | G7: =+E7/D7 -> 0.95788514
A8: 2 | B8: =+DICIEMBRE!A49 -> 2.4.5.02.08 | C8: =+DICIEMBRE!B49 -> Servicios prestados a las empresas y servicios de producción | D8: =+DICIEMBRE!H49 -> 17136321 | E8: =+DICIEMBRE!I49 -> 16680900 | F8: =D8-E8 -> 455421 | G8: =+E8/D8 -> 0.97342364
A9: 3 | B9: =+DICIEMBRE!A58 -> 2.4.5.02.09 | C9: =+DICIEMBRE!B58 -> Servicios para la comunidad, sociales y personales | D9: =+DICIEMBRE!H58 -> 325590098 | E9: =+OCTUBRE!I58+'NOVIEMBRE1 '!I58+DICIEMBRE!I58 -> 325288000 | F9: =D9-E9 -> 302098 | G9: =+E9/D9 -> 0.99907215
A10: Total | D10: =SUM(D7:D9) -> 360416470 | E10: =SUM(E7:E9) -> 358913937 | F10: =SUM(F7:F9) -> 1502533 | G10: =+E10/D10 -> 0.99583112
A14: LUZ MERY ACOSTA VARGAS
A15: Gerente E.S.E. Hospital San Antonio de Guatavita
A16: gerencia@hospitalguatavita.gov.co
B20: RENDIMIENTOS FINANCIEROS | C20: SALDO
B21: 45170 | C21: 14396.84
B22: 45200 | C22: 44637.71
B23: 45231 | C23: 16175.62
B24: 45261 | C24: 25940.13
B25: 45292 | C25: 67.89
B26: 45323 | C26: 63.51
B27: 45352 | C27: 25.28
B28: TOTAL | C28: =SUM(C21:C27) -> 101306.98
D30: DETALLE | F30: SALDO
D31: Ingresos | F31: =+D10 -> 360416470
D32: - Pagos | F32: =+E10 -> 358913937
D33: + Rendimientos Financieros | F33: =+C28 -> 101306.98
D34: SALDO EXTRACTO | F34: =+F31-F32+F33 -> 1603840

Sheet anexo
A2: Anexo - Valor de descuentos cancelados de las ordenes de pago del Convenio No. SS-CDCVI-568-2023
A3: EMPRESA SOCIAL DEL ESTADO HOSPITAL SAN ANTONIO DE GUATAVITA
A4: INFORME ACUMULADO A 31 DE DICIEMBRE DEL 2023
A6: descuentos efectuados en el mes de | B6: Valor de descuentos pagados NETOS, Impuestos, retenciones, etc. ( Si lo hubiere )* | C6: No. Comprobante Egreso | D6: Fecha Comprobante Egreso | E6: Nit / CC | F6: Beneficiario | G6: Cuenta bancaria No. | H6: Codigo ó No. Transferencia = al extracto ( Si lo hubiere ) | I6: Observaciones (si las ubiere Codificarlas 1, 2, 3, 4….. Y explicarlas en Notas y observaciones)
A7: Julio | B7: 0 | C7: 0 | D7: NA | E7: NA | F7: NA | G7: NA | H7: NA | I7: NA
B8: 0 | C8: 0 | D8: NA | E8: NA | F8: NA | G8: NA | H8: NA | I8: NA
B9: 0 | C9: 0 | D9: NA | E9: NA | F9: NA | G9: NA | H9: NA | I9: NA
A10: Agosto | B10: 0 | C10: 0 | D10: NA | E10: NA | F10: NA | G10: NA | H10: NA | I10: NA
B11: 0 | C11: 0 | D11: NA | E11: NA | F11: NA | G11: NA | H11: NA | I11: NA
B12: 0 | C12: 0 | D12: NA | E12: NA | F12: NA | G12: NA | H12: NA | I12: NA
A13: Septiembre | B13: 0 | C13: 0 | D13: NA | E13: NA | F13: NA | G13: NA | H13: NA | I13: NA
B14: 30240 | C14: 18448 | D14: 44840 | E14: 8644922 | F14: HERNAN EMILIO OQUENDO SARMIENTO | G14: NA | H14: NA | I14: NA
B15: 0 | C15: 0 | D15: NA | E15: NA | F15: NA | G15: NA | H15: NA | I15: NA
A16: Octubre | B16: 0 | C16: 0 | D16: NA | E16: NA | F16: NA | G16: NA | H16: NA | I16: NA
B17: 0 | C17: 0 | D17: NA | E17: NA | F17: NA | G17: NA | H17: NA | I17: NA
B18: 0 | C18: 0 | D18: NA | E18: NA | F18: NA | G18: NA | H18: NA | I18: NA
A19: Noviembre | B19: 0 | C19: 0 | D19: NA | E19: NA | F19: NA | G19: NA | H19: NA | I19: NA
B20: 0 | C20: 0 | D20: NA | E20: NA | F20: NA | G20: NA | H20: NA | I20: NA
B21: 0 | C21: 0 | D21: NA | E21: NA | F21: NA | G21: NA | H21: NA | I21: NA
A22: Diciembre | B22: 0 | C22: 0 | D22: NA | E22: NA | F22: NA | G22: NA | H22: NA | I22: NA
B23: 162184 | C23: 19079 | D23: 44923 | E23: 80195206 | F23: JHON ALEXANDER SUAREZ | G23: NA | H23: NA | I23: NA
B24: 296640 | C24: 19080 | D24: 44923 | E24: 79160650 | F24: ANTONIO MARIA QUIÑONES | G24: NA | H24: NA | I24: NA
B25: 75992 | C25: 19081 | D25: 44923 | E25: 1020754431 | F25: FELIX ROBERTO MORATO | G25: NA | H25: NA | I25: NA
B26: 827574 | C26: 19083 | D26: 44923 | E26: 19405784 | F26: OMAR PENAGOS JAIMES | G26: NA | H26: NA | I26: NA
B27: 77810 | C27: 19084 | D27: 44923 | E27: 81720297 | F27: CRISTIAN OLARTE | G27: NA | H27: NA | I27: NA
B28: 57036 | C28: 19085 | D28: 44923 | E28: 1010181278 | F28: SAYDA MILENA CASAS | G28: NA | H28: NA | I28: NA
B29: 1277810 | C29: 19151 | D29: 44923 | E29: 80165844 | F29: MIGUEL ANGEL RIVERA SALGADO | G29: NA | H29: NA | I29: NA
B30: 0 | C30: 0 | D30: NA | E30: NA | F30: NA | G30: NA | H30: NA | I30: NA
B31: 0 | C31: 0 | D31: NA | E31: NA | F31: NA | G31: NA | H31: NA | I31: NA
B32: 0 | C32: 0 | D32: NA | E32: NA | F32: NA | G32: NA | H32: NA | I32: NA
B33: 0 | C33: 0 | D33: NA | E33: NA | F33: NA | G33: NA | H33: NA | I33: NA
B34: 0 | C34: 0 | D34: NA | E34: NA | F34: NA | G34: NA | H34: NA | I34: NA
A35: TOTAL | B35: =SUM(B7:B34) -> 2805286
A44: ELIZABETH PARDO SANCHEZ | E44: CLARA PATRICIA ROZO GARZÓN
A45: Gerente E.S.E. Hospital San Antonio de Guatavita | E45: Quien elabora el informe
A46: gerencia@hospitalguatavita.gov.co | E46: contratacion@hospitalguatavita.gov.co
A49: Notas y Observaciones a la información reportada:
A50: 1, -------------------
A51: 2, -------------------
A52: 3, -------------------
A53: 4, -------------------
